Map: Year Zero LE

Players

Kallestål - Winner!

  • Race: Terran Terran
  • Spawn Location: 11:00

Escanor

  • Race: Zerg Zerg
  • Spawn Location: 1:00

VOD

Have the link to the VOD?

Description

Hej.

Time

  • Played on: Feb. 1, 2019, 2:27 p.m.
  • Length: 14:09
Show
View Real Time Build Order
Export as new Build Order

Kallestål Terran - Winner!

Build Orders: Command Center First (CC) 

Get SALT Encoding   

  12  0:05  SCV  
  13  0:18  SCV  
  14  0:30  SCV  
  15  0:56  Supply Depot  
  15  1:09  Refinery  
  15  1:11  Refinery  
  15  1:12  Command Center  
  15  1:18  SCV  
  16  1:30  SCV  
  17  1:36  Engineering Bay  
  17  1:42  SCV  
  19  1:54  SCV  
  19  2:06  SCV  
  20  2:13  Barracks  
  20  2:42  SCV  
  21  2:57  Planetary Fortress  
  21  3:00  SCV  
  21  3:05  Factory  
  19  3:30  SCV  
  18  3:34  SCV  
  19  3:42  Hi-Sec Auto Tracking  
  19  3:47  SCV  
  20  3:56  Planetary Fortress, Barracks  
  20  3:59  SCV  
  21  4:22  SCV  
  22  4:35  SCV  
  23  4:39  SCV  
  23  4:40  Ghost Academy  
  23  4:41  Neosteel Armor  
  23  4:44  Barracks Tech Lab  
  24  4:53  Missile Turret  
  24  5:11  Ghost  
  26  5:19  SCV  
  27  5:22  Nuke  
  27  5:25  SCV  
  28  5:45  Factory Tech Lab  
  28  5:51  SCV  
  29  6:04  Personal Cloaking, SCV  
  28  6:29  Barracks Tech Lab  
  27  6:33  Starport  
  27  6:34  Starport  
  27  6:42  SCV  
  27  6:43  SCV  
  29  7:03  SCV  
  30  7:11  SCV  
  30  7:12  Starport Tech Lab  
  30  7:13  Starport Tech Lab  
  30  7:18  Command Center  
  30  7:19  Ghost  
  31  7:27  SCV  
  28  7:39  SCV x2  
  28  7:40  Banshee  
  33  7:52  Medivac  
  34  8:14  SCV  
  33  8:30  Banshee  
  36  8:40  Refinery  
  36  8:41  Refinery  
  35  8:55  Banshee  
  37  9:10  Nuke  
  37  9:14  Factory Tech Lab, Ghost Academy  
  37  9:40  SCV  
  38  10:08  Refinery  
  38  10:11  Refinery  
  38  10:37  Command Center x2  
  38  10:46  Planetary Fortress  
  38  11:04  Nuke  
  38  11:06  Supply Depot  
  38  11:09  Nuke  
  38  11:27  Banshee, Siege Tank, SCV x2  
  38  11:28  Supply Depot  
  38  11:48  Banshee, SCV  
  38  11:54  SCV  
  38  12:13  SCV x2  
  38  12:15  Banshee  
  38  12:20  Refinery  
  38  12:21  Refinery  
  38  12:22  Planetary Fortress  
  38  12:49  Banshee  
  38  13:02  Banshee  
  38  13:03  SCV  
  38  13:04  Planetary Fortress  
  38  13:10  SCV x2  
  38  13:15  SCV  
  38  13:17  Nuke  
  38  13:22  SCV  
  38  13:24  SCV  
  38  13:27  SCV  
  38  13:34  SCV  
  38  13:44  SCV  
  38  13:45  SCV  
  38  13:57  SCV  
Show
View Real Time Build Order
Export as new Build Order

Escanor Zerg 

Build Orders: Hatch First 

Get SALT Encoding   

  12  0:03  Drone  
  13  0:09  Drone  
  14  0:19  Overlord  
  14  0:28  Extractor  
  13  0:29  Drone  
  14  0:37  Drone x2  
  16  0:58  Hatchery  
  15  1:13  Spawning Pool  
  15  1:16  Drone  
  15  1:19  Drone  
  15  1:24  Drone  
  17  1:34  Drone  
  17  1:38  Overlord  
  18  1:50  Drone  
  19  2:01  Extractor  
  19  2:03  Lair  
  18  2:11  Roach Warren  
  17  2:28  Queen  
  19  2:33  Drone x3  
  22  2:48  Zergling x8  
  26  3:00  Metabolic Boost  
  26  3:05  Roach x2  
  30  3:23  Zergling x2  
  30  3:24  Zergling x8  
  31  3:44  Ravager  
  31  3:45  Ravager  
  29  3:54  Roach  
  30  4:00  Zergling x6  
  33  4:04  Extractor  
  32  4:20  Ravager  
  30  4:45  Roach x2  
  34  4:49  Queen  
  36  4:56  Spine Crawler  
  36  4:57  Spine Crawler  
  36  4:59  Spine Crawler  
  33  5:01  Drone  
  33  5:02  Spine Crawler, Drone x2  
  35  5:07  Overlord  
  35  5:13  Ravager  
  36  5:59  Spine Crawler  
  23  6:37  Zergling x12  
  23  6:38  Zergling x6  
  30  6:50  Spine Crawler x2  
  30  6:51  Spine Crawler  
  24  7:04  Zergling x4  
  24  7:05  Zergling x6  
  27  7:36  Zergling x12  
  27  7:48  Zergling x4  
  29  7:54  Hatchery  
  22  8:24  Drone x4  
  22  8:25  Drone x2  
  28  8:28  Queen  
  28  8:33  Hydralisk Den  
  29  8:36  Drone  
  28  9:03  Spore Crawler x2  
  28  9:04  Spore Crawler  
  28  9:07  Spore Crawler  
  24  9:26  Overlord  
  23  9:36  Hydralisk  
  19  9:49  Hydralisk  
Tags
 
Add a new tag
Caveats
  • Supply blocks, unpowered buildings, or Contaminate may cause inaccurate times.
  • Supply counts are checked every 10 seconds.